 Dungeon Crawl Stone Soup version 0.28-a0-1199-gef9e1dbd39 (webtiles) character file.

Game seed: 127247758915448482

739 Gargoyl the Skirmisher (level 7, -8/60 HPs)
             Began as a Gnoll Abyssal Knight on Dec 19, 2021.
             Was a Believer of Lugonu.
             Mangled by Menkaure (12 damage)
             ... on level 4 of the Dungeon.
             The game lasted 00:04:04 (4043 turns).

Gargoyl the Skirmisher (Gnoll Abyssal Knight)       Turns: 4043, Time: 00:04:05

Health: -8/60      AC: 12    Str: 14    XL:     7   Next: 75%
Magic:  11/11      EV:  5    Int: 10    God:    Lugonu [**....]
Gold:   267        SH:  0    Dex: 12    Spells: 11/11 levels left

rFire   + + .      SeeInvis .   f - +2 dagger (venom)
rCold   + . .      Faith    .   (no shield)
rNeg    + . .      Spirit   .   j - +0 plate armour
rPois   +          Reflect  .   (no helmet)
rElec   +          Harm     .   (no cloak)
rCorr   +          Rampage  .   (no gloves)
Will    .....                   (no boots)
Stlth   ..........              (no amulet)
HPRegen 0.20/turn               h - ring of positive energy
MPRegen 0.12/turn               (no ring)

@: resistant
A: fangs 1, strong nose, distributed training, fire resistance 1
a: Renounce Religion, Depart the Abyss, Bend Space


You were on level 4 of the Dungeon.
You worshipped Lugonu.
Lugonu was pleased with you.
You visited 1 branch of the dungeon, and saw 4 of its levels.
You visited the Abyss 1 time.

You collected 267 gold pieces.

Inventory:

Hand Weapons
 a - a +1 hand axe
 f - a +2 dagger of venom (weapon)
Armour
 j - a +0 plate armour (worn)
Jewellery
 h - a ring of positive energy (left hand)
Wands
 e - a wand of iceblast (14)
Scrolls
 b - a scroll of blinking {unknown}
 d - 2 scrolls of magic mapping
 i - a scroll of holy word {unknown}
Potions
 c - a potion of cancellation


   Skills:
 + Level 7.1 Fighting
 + Level 2.7 Short Blades
 + Level 2.7 Long Blades
 + Level 5.3 Axes
 + Level 2.7 Maces & Flails
 + Level 2.7 Polearms
 + Level 2.7 Staves
 + Level 2.7 Slings
 + Level 2.7 Bows
 + Level 2.7 Crossbows
 + Level 2.7 Throwing
 + Level 5.3 Armour
 + Level 3.8 Dodging
 + Level 2.7 Stealth
 + Level 2.7 Shields
 + Level 2.7 Unarmed Combat
 + Level 2.7 Spellcasting
 + Level 2.2 Conjurations
 + Level 2.2 Hexes
 + Level 2.2 Summonings
 + Level 2.2 Necromancy
 + Level 2.2 Translocations
 + Level 2.2 Transmutations
 + Level 2.2 Fire Magic
 + Level 2.2 Ice Magic
 + Level 2.2 Air Magic
 + Level 2.2 Earth Magic
 + Level 2.2 Poison Magic
 + Level 5.5 Invocations
 + Level 2.7 Evocations


You had 11 spell levels left.
You didn't know any spells.
Your spell library was empty.

Dungeon Overview and Level Annotations

Branches:
Dungeon (4/15)
 Temple: D:4-7

Altars:
Trog
Zin

Shops:
D:4 [

Annotations:
D:3 Natasha
D:4 Menkaure


Innate Abilities, Weirdness & Mutations

You have very sharp teeth.
Your uncanny sense of smell can sniff out nearby items.
Your experience applies equally to all skills.
Your flesh is heat resistant. (rF+)


Message History

You hit the ball python.
You kill the ball python!
Lugonu accepts your kill.
You see here a ball python corpse.
Menkaure, Prince of Dust comes into view.
Menkaure is nearby!
Menkaure is nearby!
Found a fuming black potion.
Found a leather armour.
You start resting.
Menkaure is nearby!
Menkaure hits you!
You hit Menkaure but do no damage. You bite Menkaure.
Menkaure is lightly damaged.
Menkaure hits you!
You hit Menkaure.
Menkaure is moderately damaged.
You hit Menkaure.
Menkaure is moderately damaged.
Menkaure hits you!
* * * LOW HITPOINT WARNING * * *
You hit Menkaure.
Menkaure is heavily damaged.
Menkaure calls on the powers of darkness!
Your body is wracked with pain!
* * * LOW HITPOINT WARNING * * *
Unknown command.
It was a potion of resistance.
You feel protected.
Menkaure points at you and mumbles some strange words.
Pain shoots through your body!
* * * LOW HITPOINT WARNING * * *
Unknown command.
It was a potion of mutation.
You feel extremely strange.
You feel resistant to heat.
Okay, then.
You hit Menkaure.
Menkaure is severely damaged.
Menkaure hits you!
You die...

...........
........... ........
#.....M ####....# >
#......# ... #†..# .
.....#####†M#####....
........)†..@.......[
.....#####..######...
... #..# . #..# #..#
##..# #...# #.#.##
#.#..## ...


You could see Menkaure.

Vanquished Creatures
  Eustachio (D:3)
  A scorpion (D:3)
  A howler monkey (D:3)
  2 hounds (D:4)
  Jessica (D:2)
  Terence (D:3)
  An iguana (D:4)
  Ijyb (D:3)
  Natasha (twice) (D:3)
  A gnoll (D:1)
  A howler monkey skeleton (D:4)
  4 adders
  3 worms
  A dart slug (D:1)
  An orc (D:3)
  4 ball pythons
  7 endoplasms
  A giant cockroach (D:2)
  7 goblins
  8 hobgoblins
  4 jackals (D:3)
  4 kobolds
  4 bats
  4 frilled lizards
  5 rats
70 creatures vanquished.

Vanquished Creatures (collateral kills)
  A ynoxinul (Abyss:1)
  An iron imp (Abyss:1)
2 creatures vanquished.

Grand Total: 72 creatures vanquished

Notes
Turn   | Place    | Note
-------+----------+-------------------------------------------
     0 | Abyss:1  | Gargoyl the Gnoll Abyssal Knight began the quest for the
                  | Orb.
     0 | Abyss:1  | Reached XP level 1. HP: 23/23 MP: 3/3
    76 | Abyss:1  | Noticed a ynoxinul
    79 | Abyss:1  | Killed a ynoxinul
    80 | Abyss:1  | Reached skill level 1 in Short Blades
    80 | Abyss:1  | Reached skill level 1 in Long Blades
    80 | Abyss:1  | Reached skill level 1 in Maces & Flails
    80 | Abyss:1  | Reached skill level 1 in Polearms
    80 | Abyss:1  | Reached skill level 1 in Staves
    80 | Abyss:1  | Reached skill level 1 in Slings
    80 | Abyss:1  | Reached skill level 1 in Bows
    80 | Abyss:1  | Reached skill level 1 in Crossbows
    80 | Abyss:1  | Reached skill level 1 in Throwing
    80 | Abyss:1  | Reached skill level 1 in Stealth
    80 | Abyss:1  | Reached skill level 1 in Shields
    80 | Abyss:1  | Reached skill level 1 in Unarmed Combat
    80 | Abyss:1  | Reached skill level 1 in Spellcasting
    80 | Abyss:1  | Reached skill level 1 in Conjurations
    80 | Abyss:1  | Reached skill level 1 in Hexes
    80 | Abyss:1  | Reached skill level 1 in Summonings
    80 | Abyss:1  | Reached skill level 1 in Necromancy
    80 | Abyss:1  | Reached skill level 1 in Translocations
    80 | Abyss:1  | Reached skill level 1 in Transmutations
    80 | Abyss:1  | Reached skill level 1 in Fire Magic
    80 | Abyss:1  | Reached skill level 1 in Ice Magic
    80 | Abyss:1  | Reached skill level 1 in Air Magic
    80 | Abyss:1  | Reached skill level 1 in Earth Magic
    80 | Abyss:1  | Reached skill level 1 in Poison Magic
    80 | Abyss:1  | Reached skill level 1 in Evocations
    80 | Abyss:1  | Reached XP level 2. HP: 29/29 MP: 5/5
    80 | Abyss:1  | Reached XP level 3. HP: 35/35 MP: 6/6
    80 | Abyss:1  | Reached XP level 4. HP: 41/41 MP: 7/7
    80 | Abyss:1  | Reached XP level 5. HP: 47/47 MP: 8/8
   198 | Abyss:1  | Noticed an ancient zyme
   207 | Abyss:1  | Noticed a worldbinder
   209 | Abyss:1  | Noticed a wolf spider
   211 | Abyss:1  | Noticed a wolf spider
   211 | Abyss:1  | Noticed a wolf spider
   220 | D:1      | Escaped the Abyss
   620 | D:1      | Reached * piety under Lugonu
  1614 | D:2      | Reached skill level 5 in Invocations
  1757 | D:2      | Reached XP level 6. HP: 53/53 MP: 9/9
  1972 | D:2      | Noticed Jessica
  1987 | D:2      | Killed Jessica
  2589 | D:3      | Noticed Terence
  2599 | D:3      | Killed Terence
  2600 | D:3      | Reached skill level 5 in Axes
  2600 | D:3      | Reached skill level 5 in Armour
  2724 | D:3      | Found a glowing silver altar of Zin.
  2734 | D:3      | Noticed Natasha
  2738 | D:3      | Reached ** piety under Lugonu
  2746 | D:3      | Killed Natasha
  2857 | D:3      | Noticed Natasha
  2866 | D:3      | Killed Natasha
  3065 | D:3      | Noticed Ijyb
  3072 | D:3      | Killed Ijyb
  3215 | D:3      | Noticed Natasha
  3347 | D:4      | Noticed Eustachio
  3347 | D:4      | Found a bloodstained altar of Trog.
  3390 | D:3      | Killed Eustachio
  3391 | D:3      | Reached skill level 7 in Fighting
  3391 | D:3      | Reached XP level 7. HP: 9/60 MP: 9/11
  3940 | D:4      | Found Caiczadyg's Armour Shop.
  4027 | D:4      | Noticed Menkaure
  4042 | D:4      | Gained mutation: Your flesh is heat resistant. (rF+)
                  | [potion of mutation]
  4043 | D:4      | Mangled by Menkaure

Illustrated notes

Levels and vault maps discovered:
D:1:      psy_arrival_radial01, layout_loops_corners
D:2:      layout_basic, uniq_jessica
D:3:      layout_basic, lemuel_tele_altar, serial_aquarium,
          aquarium_bridge_island_small [aquarium_subvault_small_water,
          aquarium_subvault_wall, aquarium_subvault_window,
          aquarium_subvault_window, aquarium_subvault_bridge],
          aquarium_window_3, aquarium_window_1, aquarium_window_fake,
          aquarium_view_2f, aquarium_view_2g, uniq_ijyb, uniq_terence,
          uniq_natasha
D:4:      layout_rooms, amcnicky_altar_gilded, serial_shops, nicolae_shop_trees,
          kennysheep_generic_room_11, uniq_sigmund, uniq_eustachio,
          uniq_menkaure

Skill      XL: |  1  2  3  4  5  6  7 |
---------------+----------------------+-----
Short Blades   | 1 2 |  2.7
Long Blades    | 1 2 |  2.7
Maces & Flails | 1 2 |  2.7
Polearms       | 1 2 |  2.7
Staves         | 1 2 |  2.7
Slings         | 1 2 |  2.7
Bows           | 1 2 |  2.7
Crossbows      | 1 2 |  2.7
Throwing       | 1 2 |  2.7
Stealth        | 1 2 |  2.7
Shields        | 1 2 |  2.7
Unarmed Combat | 1 2 |  2.7
Spellcasting   | 1 2 |  2.7
Conjurations   | 1 2 |  2.2
Hexes          | 1 2 |  2.2
Summonings     | 1 2 |  2.2
Necromancy     | 1 2 |  2.2
Translocations | 1 2 |  2.2
Transmutations | 1 2 |  2.2
Fire Magic     | 1 2 |  2.2
Ice Magic      | 1 2 |  2.2
Air Magic      | 1 2 |  2.2
Earth Magic    | 1 2 |  2.2
Poison Magic   | 1 2 |  2.2
Evocations     | 1 2 |  2.7
Dodging        | 3 |  3.8
Invocations    | 5 |  5.5
Axes           | 5 |  5.3
Armour         | 5 |  5.3
Fighting       | 7 |  7.1

Action                   |  1- 3 |  4- 6 |  7- 9 || total
-------------------------+-------+-------+-------++-------
Melee: Dagger            |       |   161 |    73 ||   234
       Hand axe          |       |    41 |       ||    41
       Bite              |       |    21 |    11 ||    32
       Punch             |       |     1 |     1 ||     2
Invok: Depart the Abyss  |       |     1 |       ||     1
       Bend Space        |       |       |     1 ||     1
  Use: Scroll            |     1 |     6 |       ||     7
       Potion            |       |       |     2 ||     2
 Stab: Sleeping          |       |     2 |       ||     2
Armor: Leather armour    |       |    26 |       ||    26
       Plate armour      |       |    96 |    50 ||   146
Dodge: Dodged            |       |    83 |    23 ||   106

Table legend: (Time is in decaauts)
 A = Elapsed time spent in this place.
 B = Non-inter-level travel time spent in this place.
 C = Inter-level travel time spent in this place.
 D = Time resting spent in this place.
 E = Time spent auto-exploring this place.
 F = Levels seen in this place.
 G = Mean time per level.
                   A        B        C        D        E       F      G
               +--------+--------+--------+--------+--------+-----+--------+
         Total |   4048 |   3965 |     83 |      5 |   3259 |   5 |  809.6 |
       Dungeon |   3828 |   3745 |     83 |      5 |   3071 |   4 |  957.0 |
         Abyss |    220 |    220 |      0 |      0 |    188 |   1 |  220.0 |
               +--------+--------+--------+--------+--------+-----+--------+

Top non-repeatable levels by time:
     D:3: 1651 daAuts
     D:1: 1340 daAuts
     D:2: 641 daAuts
 Abyss:1: 220 daAuts
     D:4: 195 daAuts
